 Dungeon Crawl Stone Soup version 0.19-b1-5-gdc9fa9d (webtiles) character file.

15635 Chiseanne the Fighter (level 12, -17/99 HPs)
             Began as a Mummy Artificer on Oct 31, 2016.
             Was an Initiate of Gozag.
             Demolished by a cyclops (22 damage)
             ... on level 2 of the Orcish Mines.
             The game lasted 00:52:31 (14189 turns).

Chiseanne the Fighter (Mummy Artificer)            Turns: 14189, Time: 00:52:32

Health: -17/99     AC: 24    Str: 16    XL:     12   Next: 3%
Magic:  18/18      EV:  5    Int:  7    God:    Gozag
Gold:   1052       SH: 14    Dex: 21    Spells: 0 memorised, 11 levels left

rFire  + . .     SeeInvis +     a - +10 spear "Xeim Mun" {flame, rC+ MR+++ Int-4 Stlth+}
rCold  + + .     Gourm    .     p - +3 plate armour of the Unstoppable Moons {rF++ Str-2 Dex-3 SInv}
rNeg   + + +     Faith    .     l - +3 shield
rPois  ∞         Spirit   .     m - +0 helmet
rElec  .         Reflect  .     z - +0 cloak
rCorr  .         Harm     .     x - +2 pair of gloves {archery}
MR     ++++.                    j - +0 pair of boots
Stlth  ..........               (no amulet)
                                A - +5 ring of dexterity
                                r - +5 ring of dexterity

@: gold aura
A: no food or potions, fire vulnerability, cold resistance 1, negative energy
resistance 3, torment resistance, unbreathing
a: Potion Petition, Call Merchant, Bribe Branch, Renounce Religion


You were on level 2 of the Orcish Mines.
You worshipped Gozag.
Gozag was most pleased with you.
You were not hungry.

You visited 3 branches of the dungeon, and saw 14 of its levels.
You also visited: Volcano.

You collected 2861 gold pieces.
You spent 304 gold pieces at shops.
You paid 1505 gold pieces to Gozag.

Inventory:

Hand Weapons
 a - the +10 spear "Xeim Mun" (weapon) {flame, rC+ MR+++ Int-4 Stlth+}
   (You found it on level 9 of the Dungeon)

   It has been specially enchanted to burn those struck by it, causing extra
   injury to most foes and up to half again as much damage against particularly
   susceptible opponents.
   It affects your intelligence (-4).
   It protects you from cold.
   It affects your resistance to hostile enchantments.
   It makes you more stealthy.
 e - a +0 hunting sling
 s - a +1 dagger of venom
Missiles
 g - 56 bolts
 h - 256 stones (quivered)
 i - 6 tomahawks
 n - 61 sling bullets
Armour
 f - a +0 helmet of see invisible
 j - a +0 pair of boots (worn)
 l - a +3 shield (worn)
 m - a +0 helmet (worn)
 p - the +3 plate armour of the Unstoppable Moons (worn) {rF++ Str-2 Dex-3 SInv}
   (You found it on level 5 of the Dungeon)

   It affects your strength (-2).
   It affects your dexterity (-3).
   It greatly protects you from fire.
   It lets you see invisible.
 x - a +2 pair of gloves of archery (worn)
 z - a +0 cloak (worn)
Jewellery
 r - a +5 ring of dexterity (left hand)
 A - a +5 ring of dexterity (right hand)
Wands
 q - a wand of enslavement (0/24)
 t - a wand of paralysis (0/24)
Scrolls
 c - 2 scrolls of remove curse
 k - a scroll of magic mapping
 u - a scroll of identify
 v - a scroll of amnesia
Books
 d - a book of Minor Magic

   Spells                             Type                      Level
   a - Magic Dart                     Conjuration                  1
   b - Blink                          Translocation                2
   c - Call Imp                       Summoning                    2
   d - Repel Missiles                 Charms/Air                   2
   e - Slow                           Hexes                        2
   f - Conjure Flame                  Conjuration/Fire             3
   g - Mephitic Cloud                 Conjuration/Poison/Air       3
 w - a book of Debilitation

   Spells                             Type                      Level
   a - Corona                         Hexes                        1
   b - Slow                           Hexes                        2
   c - Gell's Gravitas                Hexes/Translocation          3
   d - Inner Flame                    Hexes/Fire                   3
   e - Cause Fear                     Hexes                        4
   f - Leda's Liquefaction            Hexes/Earth                  4


   Skills:
 * Level 10.7 Fighting
 - Level 0.7 Short Blades
 * Level 9.2 Armour
 - Level 3.6 Dodging
 - Level 0.7 Stealth
 * Level 6.0 Shields
 * Level 8.3 Evocations


You had 11 spell levels left.
You didn't know any spells.

Dungeon Overview and Level Annotations

Branches:
Dungeon (11/15)            Temple (1/1) D:5            Lair (0/6) D:10
    Orc (2/2) D:10            Elf (0/3) Orc:2

Altars:
Ashenzari
Cheibriados
Dithmenos
Elyvilon
Fedhas
Gozag
Hepliaklqana
Kikubaaqudgha
Makhleb
Nemelex Xobeh
Okawaru
Qazlal
Ru
Sif Muna
Trog
Uskayaw
Vehumet
Xom
Yredelemnul
Zin
The Shining One

Shops:
D:9 =   D:10 [   Orc:1 (

Annotations:
D:10 exclusion: orange crystal statue


Innate Abilities, Weirdness & Mutations

You do not eat or drink.
Your flesh is vulnerable to fire.
You are immune to poison.
Your flesh is cold resistant. (rC+)
You are immune to negative energy. (rN+++)
You are immune to unholy pain and torment.
You can survive without breathing.


Message History

Aim: an orc warrior, wielding a scimitar and wearing a chain mail You throw a throwing net.
The throwing net hits the orc warrior.
The orc warrior is caught in the net!
The orc warrior struggles against the net.
Evoke which item? (* to show all) (? for menu, Esc to quit)
Okay, then.
You catch the helpless orc warrior completely off-guard!
You hit the orc warrior. You burn the orc warrior.
The orc warrior is moderately wounded.
The orc warrior struggles against the net.
You strike the helpless orc warrior from behind!
You puncture the orc warrior! You burn the orc warrior.
The orc warrior is severely wounded.
The orc warrior struggles against the net. x2
The orc wizard shouts!
You hit the orc warrior. You burn the orc warrior.
The orc warrior is almost dead.
The cyclops hits you!!
You die...
Your body crumbles into a pile of gold.

##### ###.#.###
##.......###
#..........# #
##....#.....# ##
#...........# #### #.
*#....C.(.((###§.####.
*#...@o....o..........
#..$.##........(......
##.....$....##§≈≈≈###.
###.#......###≈≈§# ##
###......#*#§#≈# #
*#........#####***
*.....#...,***,**,
**..#$###*,,,*,,*,.
*,,,*****,,,,*,,,..


You could see a cyclops, an orc warrior (caught) and an orc wizard.

Vanquished Creatures
  Fannar (Orc:1)
  Erolcha (D:10)
  The ghost of Gorglomux the Destroyer, a journeyman HEWz of Sif Muna (D:11)
  A hill giant (D:10)
  An orc sorcerer (Orc:1)
  2 ugly things
  A deep elf mage (D:11)
  A cyclops (Orc:2)
  3 salamanders (Volcano)
  Maurice (D:8)
  Psyche (D:8)
  2 trolls
  2 two-headed ogres
  4 hippogriffs
  3 wyverns (Volcano)
  6 fire bats (Volcano)
  3 hungry ghosts
  A steam dragon (Volcano)
  Menkaure (D:4)
  4 wargs
  A porcupine (D:4)
  3 orc warriors
  An ice beast (D:10)
  7 sky beasts
  2 phantoms
  A black bear (D:9)
  11 ogres
  5 centaurs
  6 crocodiles
  3 big kobolds
  7 bullfrogs
  3 jellies
  2 gnoll sergeants
  A water moccasin skeleton (D:9)
  4 scorpions
  4 killer bees (D:8)
  4 howler monkeys
  7 crimson imps
  2 bullfrog zombies
  Robin (D:3)
  2 hounds (D:6)
  A quasit (D:11)
  5 orc priests
  A bullfrog skeleton (D:10)
  Crazy Yiuf (D:3)
  10 orc wizards
  4 iguanas
  4 worker ants
  A killer bee zombie (D:8)
  2 hound zombies
  42 orcs
  A howler monkey zombie (D:10)
  2 worker ant zombies
  8 gnolls
  9 adders
  An adder zombie (D:7)
  4 worms (D:2)
  2 dart slugs
  7 leopard geckos
  7 giant cockroaches
  11 goblins
  14 hobgoblins
  8 jackals
  17 kobolds
  A quokka (D:11)
  3 ball pythons
  8 bats
  4 frilled lizards
  2 leopard gecko zombies (D:5)
  A quokka skeleton (D:8)
  6 rats
304 creatures vanquished.

Vanquished Creatures (collateral kills)
  A deep elf mage (D:10)
  An orc priest (D:3)
  2 gnolls (D:6)
  7 orcs
  4 goblins (D:3)
  2 hobgoblins (D:3)
  A quokka skeleton (D:5)
18 creatures vanquished.

Vanquished Creatures (others)
  A wyvern (Volcano)
  A gnoll sergeant (D:6)
  An orc priest (D:3)
  An orc wizard (D:10)
  An adder (D:3)
  An orc (D:3)
  A hobgoblin (D:3)
  2 fulminant prisms (D:11)
  8 plants
17 creatures vanquished.

Grand Total: 339 creatures vanquished

Notes
Turn   | Place    | Note
-------+----------+-------------------------------------------
     0 | D:1      | Chiseanne the Mummy Artificer began the quest for the Orb.
     0 | D:1      | Reached XP level 1. HP: 15/15 MP: 2/2
   211 | D:1      | Reached XP level 2. HP: 21/21 MP: 3/3
  1235 | D:1      | Reached skill level 2 in Fighting
  1235 | D:1      | Reached XP level 3. HP: 27/27 MP: 3/5
  2046 | D:2      | Reached XP level 4. HP: 33/33 MP: 6/6
  2064 | D:2      | Found a basalt altar of Yredelemnul.
  2072 | D:2      | Found an ancient bone altar of Kikubaaqudgha.
  2303 | D:2      | Found a white marble altar of Elyvilon.
  2520 | D:3      | Reached skill level 1 in Armour
  2782 | D:3      | Noticed Robin
  2811 | D:3      | Reached XP level 5. HP: 22/40 MP: 7/7
  2828 | D:3      | Your ally died
  3259 | D:3      | Reached skill level 3 in Fighting
  3307 | D:3      | Found a runed door.
  3311 | D:3      | Noticed Crazy Yiuf
  3313 | D:3      | Killed Crazy Yiuf
  3899 | D:4      | Noticed an ogre
  3903 | D:4      | Noticed a porcupine
  3903 | D:4      | an ogre changed into a porcupine
  3908 | D:4      | Killed a porcupine
  3908 | D:4      | Reached XP level 6. HP: 25/47 MP: 8/8
  4379 | D:4      | Noticed Menkaure
  4433 | D:4      | Killed Menkaure
  4442 | D:5      | Entered Level 5 of the Dungeon
  4506 | D:5      | Got a translucent plate armour
  4517 | D:5      | Reached skill level 4 in Fighting
  4517 | D:5      | Reached XP level 7. HP: 39/54 MP: 9/9
  4597 | D:5      | Identified the +3 plate armour of the Unstoppable Moons {rF++ Str-2 Dex-3 SInv} (You found it on level 5 of the Dungeon)
  4637 | D:5      | Found a bloodstained altar of Trog.
  4641 | D:5      | Found a deep blue altar of Sif Muna.
  4833 | D:5      | Found a staircase to the Ecumenical Temple.
  4842 | Temple   | Entered the Ecumenical Temple
  4924 | Temple   | Became a worshipper of Gozag Ym Sagoz the Greedy
  5533 | D:6      | Found a stormy altar of Qazlal.
  5670 | D:6      | Reached skill level 5 in Fighting
  5670 | D:6      | Reached XP level 8. HP: 61/62 MP: 11/11
  5917 | D:6      | Reached skill level 5 in Evocations
  6061 | D:6      | Found a blossoming altar of Fedhas.
  7191 | D:7      | Found a sparkling altar of Nemelex Xobeh.
  7336 | D:7      | Reached skill level 6 in Fighting
  7666 | D:7      | You fall through a shaft for 2 floors!
  7673 | D:8      | Noticed Maurice
  7754 | D:8      | Reached skill level 5 in Armour
  7760 | D:8      | Noticed a hippogriff
  7773 | D:8      | Killed a hippogriff
  7773 | D:8      | Reached XP level 9. HP: 71/71 MP: 13/13
  7819 | D:8      | Noticed Psyche
  7848 | D:8      | Found a shadowy altar of Dithmenos.
  8198 | D:9      | Reached skill level 7 in Fighting
  8345 | D:9      | Got a translucent spear
  8397 | D:9      | Identified the +10 spear "Xeim Mun" {flame, rC+ MR+++ Int-4 Stlth+} (You found it on level 9 of the Dungeon)
  8443 | D:9      | Reached skill level 8 in Fighting
  8541 | D:9      | Found a hazy altar of Hepliaklqana.
  8911 | D:8      | Reached skill level 1 in Shields
  8948 | D:8      | Killed Maurice
  9006 | D:8      | Reached XP level 10. HP: 76/82 MP: 14/14
  9366 | D:8      | Killed Psyche
  9475 | D:10     | Entered Level 10 of the Dungeon
  9566 | D:10     | Reached skill level 9 in Fighting
  9676 | D:10     | Found a staircase to the Lair.
  9678 | D:10     | Noticed a deep elf mage
  9687 | D:10     | Killed a deep elf mage
  9698 | D:10     | Noticed Erolcha
  9829 | D:10     | Killed Erolcha
 10051 | D:10     | Found a staircase to the Orcish Mines.
 10257 | D:10     | Noticed an orange crystal statue
 10286 | D:10     | Noticed a hill giant
 10297 | D:10     | Killed a hill giant
 10650 | D:11     | Noticed a green ugly thing
 10667 | D:11     | Killed a green ugly thing
 10683 | D:11     | Noticed a green ugly thing
 10737 | D:11     | Noticed Gorglomux's ghost (journeyman HEWz)
 10767 | D:11     | Killed Gorglomux's ghost
 10767 | D:11     | Reached XP level 11. HP: 58/89 MP: 16/16
 11099 | D:11     | Noticed a hill giant
 11110 | D:11     | Noticed a brown ugly thing
 11609 | D:10     | Bought a pair of runed gloves for 304 gold pieces
 11670 | D:10     | Killed a green ugly thing
 11855 | D:11     | Noticed a deep elf mage
 11879 | D:11     | Killed a deep elf mage
 11891 | D:11     | Noticed a five-headed hydra
 11932 | Orc:1    | Entered Level 1 of the Orcish Mines
 11936 | Orc:1    | Found Saumug's Antique Weapon Boutique.
 11962 | Orc:1    | Reached skill level 10 in Fighting
 12058 | Orc:1    | Noticed an orc sorcerer
 12072 | Orc:1    | Reached skill level 5 in Shields
 12080 | Orc:1    | Killed an orc sorcerer
 12216 | Orc:1    | Noticed Fannar
 12280 | Orc:1    | Killed Fannar
 12620 | Orc:2    | Entered Level 2 of the Orcish Mines
 12698 | Orc:2    | Found a dark tunnel.
 12707 | Volcano  | Entered a volcano
 13716 | Volcano  | Noticed a fire dragon
 14178 | Orc:2    | HP: 2/92 [cyclops (11)]
 14183 | Orc:2    | Reached XP level 12. HP: 3/99 MP: 18/18
 14189 | Orc:2    | Demolished by a cyclops

Skill      XL: |  1  2  3  4  5  6  7  8  9 10 11 |
---------------+----------------------------------+-----
Dodging        | 2 3 |  3.6
Fighting       | 2 3 4 5 6 8 9 10 | 10.7
Evocations     | 3 4 5 6 7 8 |  8.3
Armour         | 1 2 3 5 6 8 9 |  9.2
Shields        | 1 4 6 |  6.0
Short Blades   | |  0.7
Stealth        | |  0.7

Action                   |  1- 3 |  4- 6 |  7- 9 | 10-12 || total
-------------------------+-------+-------+-------+-------++-------
Melee: Short sword       |   147 |    45 |       |       ||   192
       Rapier            |       |   165 |       |       ||   165
       Quarterstaff      |       |    13 |   374 |       ||   387
       Spear             |       |       |    91 |   578 ||   669
Throw: Throwing net      |       |       |       |     5 ||     5
       Tomahawk          |       |       |       |     2 ||     2
Invok: Call Merchant     |       |       |     1 |     1 ||     2
Evoke: Wand              |    13 |    23 |    15 |    12 ||    63
       Box of beasts     |       |       |       |     3 ||     3
  Use: Scroll            |       |     9 |     6 |     6 ||    21
 Stab: Sleeping          |       |     2 |       |       ||     2
       Paralysed         |       |     1 |       |    23 ||    24
       Confused          |       |       |     1 |       ||     1
       Distracted        |       |       |     2 |     1 ||     3
       Held in net/web   |       |       |       |     5 ||     5
Armor: Leather armour    |    15 |       |       |       ||    15
       Ring mail         |    36 |    38 |       |       ||    74
       Scale mail        |       |    53 |       |       ||    53
       Plate armour      |       |       |   438 |   314 ||   752
Dodge: Dodged            |    76 |   107 |   191 |    74 ||   448
Block: Shield            |       |       |    21 |   350 ||   371
